 Dungeon Sprint DCSS version 0.19.3-4-gbf9329e (webtiles) character file.

260 Kagutsuchi the Fighter (level 5, -8/50 HPs)
             Began as a Draconian Berserker on Jan 27, 2017.
             Was a Follower of Trog.
             Mangled by a neqoxec (11 damage)
             ... in the Dungeon (Sprint II: "The Violet Keep of Menkaure").
             The game lasted 00:00:19 (27 turns).

Kagutsuchi the Fighter (Draconian Berserker)          Turns: 27, Time: 00:00:20

Health: -8/50      AC:  5    Str: 19      XL:     5   Next: 95%
Magic:  5/5        EV: 15    Int:  4 (7)  God:    Trog [*.....]
Gold:   0          SH:  0    Dex: 12      Spells: 0 memorised, 4 levels left

rFire  . . .     SeeInvis .     a - +0 falchion
rCold  . . .     Gourm    .     (armour unavailable)
rNeg   . . .     Faith    .     (no shield)
rPois  .         Spirit   .     (helmet restricted)
rElec  .         Reflect  .     (no cloak)
rCorr  .         Harm     .     (no gloves)
MR     .....     NoTele   +     (no boots)
Stlth  +.........               (no amulet)
                                (no ring)
                                (no ring)

@: exhausted, slowed, very slow
A: unfitting armour, frail 1, cold-blooded, subdued magic 1, AC +5
a: Berserk, Burn Spellbooks, Renounce Religion


You were in the Dungeon.
You worshipped Trog.
Trog was aware of your devotion.
You were not hungry.

You visited 1 branch

Inventory:

Hand Weapons
 a - a +0 falchion (weapon)
Scrolls
 h - a scroll of blinking
Potions
 c - a potion of curing
 e - a potion of haste
 f - 2 potions of magic
 g - a potion of berserk rage
Comestibles
 b - a bread ration


   Skills:
 + Level 8.4 Fighting
 + Level 8.2 Long Blades
 + Level 6.7 Dodging


You had 4 spell levels left.
You didn't know any spells.

Dungeon Overview and Level Annotations

Branches:
Dungeon (1/1)

Altars:


Innate Abilities, Weirdness & Mutations

Your plain brown scales are hard. (AC +5)
You cannot fit into any form of body armour.
You are cold-blooded and may be slowed by cold attacks.
You are frail. (-10% HP)
Your spells are a little easier to cast, but a little less powerful.


Message History

You closely miss the neqoxec.
Your tail-slap misses the neqoxec.
The neqoxec is heavily wounded.
The crimson imp blinks!
The neqoxec hits you.
You hit the neqoxec.
The neqoxec is heavily wounded.
The neqoxec hits you!
* * * LOW HITPOINT WARNING * * *
The crimson imp blinks!
The neqoxec hits you.
* * * LOW HITPOINT WARNING * * *
You hit the neqoxec.
The neqoxec is heavily wounded.
The neqoxec barely misses you.
The crimson imp lashes its tail.
The neqoxec gestures.
The neqoxec hits you!
* * * LOW HITPOINT WARNING * * *
You hit the neqoxec.
The neqoxec is severely wounded.
The neqoxec hits you!
You die...

### #+###.##
##.##.#@#
+.<.'##335.#
##.###.5#...§#
#+# #.##55.§..
## ..... ≈≈≈..
≈≈≈. ≈≈§≈


You could see 2 neqoxecs, an iron imp, 2 crimson imps and a white imp.

Vanquished Creatures
  2 neqoxecs (D)
2 creatures vanquished.

Notes
Turn   | Place    | Note
-------+----------+-------------------------------------------
     0 | D        | Kagutsuchi the Draconian Berserker began the quest for the Orb.
     0 | D        | Reached XP level 1. HP: 19/19 MP: 1/1
     1 | D        | Noticed a neqoxec
     2 | D        | Noticed a neqoxec
     6 | D        | Killed a neqoxec
     6 | D        | Reached skill level 5 in Dodging
     6 | D        | Reached XP level 2. HP: 31/31 MP: 2/2
     6 | D        | Reached XP level 3. HP: 38/38 MP: 3/3
     6 | D        | Reached XP level 4. HP: 45/45 MP: 4/4
     8 | D        | Gained mutation: Your body sometimes deteriorates upon taking damage. [a neqoxec]
    11 | D        | Gained mutation: You are frail. (-10% HP) [a neqoxec]
    12 | D        | Killed a neqoxec
    12 | D        | Reached XP level 5. HP: 50/50 MP: 5/5
    13 | D        | Noticed a neqoxec
    14 | D        | Noticed a neqoxec
    15 | D        | Gained mutation: Your spells are a little easier to cast, but a little less powerful. [a neqoxec]
    17 | D        | Lost mutation: Your body sometimes deteriorates upon taking damage. [a neqoxec]
    26 | D        | HP: 2/50 [neqoxec (7)]
    27 | D        | Mangled by a neqoxec

Skill      XL: |  1  2  3  4 |
---------------+-------------+-----
Fighting       | 6 8 |  8.4
Long Blades    | 6 8 |  8.2
Dodging        | 5 6 |  6.7

Action                   |  1- 3 |  4- 6 || total
-------------------------+-------+-------++-------
Melee: Falchion          |     3 |    17 ||    20
       Tailslap          |     1 |     2 ||     3
Invok: Berserk           |     1 |       ||     1
  Use: Potion            |       |     1 ||     1
Armor: Skin              |       |     4 ||     4
Dodge: Dodged            |     2 |    12 ||    14
       Rpst.: Falchion   |     1 |     3 ||     4
